 Dungeon Crawl Stone Soup version 0.22.1-6-g1668fe2c40 (webtiles) character file.

1389 Gargoyl the Chopper (level 8, 0/67 HPs)
             Began as a Centaur Abyssal Knight on Jan 17, 2019.
             Was a Priest of Lugonu.
             Slain by a killer bee (1 damage)
             ... on level 6 of the Dungeon.
             The game lasted 00:13:37 (7616 turns).

Gargoyl the Chopper (Centaur Abyssal Knight)        Turns: 7616, Time: 00:13:38

Health: 0/67       AC:  8    Str: 15    XL:     8   Next: 40%
Magic:  10/10      EV:  5    Int: 16    God:    Lugonu [***...]
Gold:   106        SH:  3    Dex: 11    Spells: 7/7 levels left

rFire    + + +     SeeInvis .   a - +5 hand axe (flame)
rCold    + . .     Gourm    .   o - +0 buckler {reflect}
rNeg     . . .     Faith    .   e - +0 chain mail
rPois    .         Spirit   .   (no helmet)
rElec    .         Reflect  +   f - scarf {rC+ rF+}
rCorr    +         Harm     .   (no gloves)
MR       .....                  (no barding)
Stlth    ..........             (no amulet)
HPRegen  0.21/turn              d - ring of resist corrosion
MPRegen  0.12/turn              (no ring)

@: brilliant, lethally poisoned (0 -> -5), very slightly contaminated, very
quick
A: large, hooves 3, deformed body, fire resistance 2, speed 2, low mp 1, tough
skin 3
a: Depart the Abyss, Bend Space, Banish, Renounce Religion


You were on level 6 of the Dungeon.
You worshipped Lugonu.
Lugonu was most pleased with you.
You were hungry.

You visited 1 branch of the dungeon, and saw 7 of its levels.
You visited the Abyss 1 time.

You collected 256 gold pieces.
You spent 150 gold pieces at shops.

Inventory:

Hand Weapons
 a - a +5 hand axe of flaming (weapon)
 b - a +1 hand axe of freezing
 j - a +1 hand axe of chopping
Missiles
 r - 8 javelins (quivered)
Armour
 e - a +0 chain mail (worn)
 f - a scarf of resistance (worn)
 o - a +0 buckler of reflection (worn)
Jewellery
 d - a ring of resist corrosion (left hand)
Wands
 k - a wand of paralysis (16)
 l - a wand of flame (11)
Scrolls
 g - 5 scrolls of remove curse
 i - a scroll of identify
Comestibles
 c - 14 rations


   Skills:
 + Level 4.9 Fighting
 + Level 4.9 Axes
 * Level 4.4 Armour
 * Level 3.0 Dodging
 + Level 0.5 Shields
 * Level 4.6 Invocations


You had 7 spell levels left.
You didn't know any spells.
Your spell library contained the following spells:

 Spells                   Type           Power        Failure   Level  Hunger
 Summon Small Mammal      Summ           #...         52%         1    ##.....
 Call Imp                 Summ           #.......     65%         2    ###....
 Call Canine Familiar     Summ           #.......     83%         3    ####...
 Summon Guardian Golem    Hex/Summ       #.......     83%         3    ####...
 Summon Ice Beast         Ice/Summ       #.......     99%         4    #####..
 Summon Lightning Spire   Summ/Air       #.......     99%         4    #####..


Dungeon Overview and Level Annotations

Branches:
Dungeon (7/15)             Temple (0/1) D:5

Altars:
Cheibriados
Fedhas
Hepliaklqana
Kikubaaqudgha
Makhleb
Sif Muna
Vehumet
Wu Jian
Xom
Zin

Shops:
D:4 [


Innate Abilities, Weirdness & Mutations

You have hooves in place of feet.
Armour fits poorly on your strangely shaped body.
You cover ground very quickly.
You have extremely tough skin. (AC +3)
Your flesh is very heat resistant. (rF++)
Your magical capacity is low. (-10% MP)


Message History

* * * LOW HITPOINT WARNING * * *
You feel sick. The killer bee barely misses you.
You feel sick.
The killer bee stings you but does no damage.
You feel sick.
The killer bee stings you but does no damage.
There is a stone staircase leading up here.
The killer bee stings you.
* * * LOW HITPOINT WARNING * * *
You are lethally poisoned!
The killer bee poisons you!
You climb upwards.
* * * LOW HITPOINT WARNING * * *
You feel sick.
There is a stone staircase leading down here.
You hit the killer bee. You burn the killer bee.
The killer bee is moderately wounded.
The killer bee barely misses you. The killer bee stings you.
You die...

........#####.##......########.#
#############..#......# #.#
...............#......# #.#
##############...###'## #.#
........# #...# #.# #.#
#######.# #...# #.# #.# #.#
#.#.###.#########.# #.#
#.#.y...#.........#
#.######.#@#####.#########
#........#.#...#.#
##########.#.#.#.# #.#.#.#.#
#.#.....# #.###.###
################(# #.#
.....)...........# #.#
################## #.#


You could see a killer bee.

Vanquished Creatures
  2 ice beasts
  2 sky beasts
  2 centaurs (D:6)
  A wyvern skeleton (D:6)
  A howler monkey (D:5)
  3 crimson imps
  2 hounds (D:5)
  3 orc priests
  A gnoll shaman (D:5)
  2 orc wizards
  2 iguanas (D:5)
  Natasha (D:3)
  2 worker ants
  A hound zombie (D:5)
  A hound skeleton (D:5)
  A worker ant zombie (D:7)
  8 gnolls
  8 adders
  An ooze (D:1)
  3 worms
  A dart slug (D:2)
  4 leopard geckos
  20 orcs
  6 giant cockroaches
  4 hobgoblins
  2 jackals (D:2)
  7 kobolds
  A quokka (D:4)
  7 bats
  3 frilled lizards (D:1)
  11 goblins
  A quokka zombie (D:4)
  14 rats
128 creatures vanquished.

Notes
Turn   | Place    | Note
-------+----------+-------------------------------------------
     0 | Abyss:1  | Gargoyl the Centaur Abyssal Knight began the quest for the
                  | Orb.
     0 | Abyss:1  | Reached XP level 1. HP: 19/19 MP: 2/2
   118 | Abyss:1  | Noticed a worldbinder
   123 | Abyss:1  | Noticed an ironheart preserver
   123 | Abyss:1  | Noticed a yaktaur
   123 | Abyss:1  | Noticed a yaktaur
   168 | Abyss:1  | Noticed a smoke demon
   170 | Abyss:1  | Noticed a hellwing
   201 | Abyss:1  | Noticed a spatial maelstrom
   202 | Abyss:1  | Noticed a spatial vortex
   204 | Abyss:1  | Noticed a spatial vortex
   206 | Abyss:1  | Noticed a spatial vortex
   209 | Abyss:1  | Noticed a spatial vortex
   210 | Abyss:1  | Noticed a spatial vortex
   211 | Abyss:1  | Noticed a vault sentinel
   212 | Abyss:1  | Noticed a spatial vortex
   212 | Abyss:1  | Noticed a yaktaur
   212 | Abyss:1  | Noticed a yaktaur
   212 | Abyss:1  | Noticed a yaktaur
   224 | Abyss:1  | Noticed a hungry ghost
   224 | Abyss:1  | Noticed a small abomination
   232 | Abyss:1  | Noticed a spatial vortex
   279 | D:1      | Escaped the Abyss
   634 | D:1      | Reached * piety under Lugonu
   907 | D:1      | Reached XP level 2. HP: 26/26 MP: 3/3
  1231 | D:1      | Reached skill level 1 in Dodging
  1541 | D:2      | Reached XP level 3. HP: 29/31 MP: 4/4
  1570 | D:2      | Found a shimmering altar of Xom.
  1918 | D:2      | Reached ** piety under Lugonu
  2539 | D:3      | Reached XP level 4. HP: 35/38 MP: 5/5
  3495 | D:3      | Noticed Natasha
  3498 | D:3      | Reached XP level 5. HP: 40/45 MP: 7/7
  3511 | D:3      | Killed Natasha
  3933 | D:4      | Reached *** piety under Lugonu
  3936 | D:4      | Reached XP level 6. HP: 39/52 MP: 8/8
  4995 | D:4      | Noticed a sky beast
  5002 | D:4      | Killed a sky beast
  5150 | D:4      | Found Josi's Antique Armour Shoppe.
  5153 | D:4      | Bought a glowing buckler for 150 gold pieces
  5374 | D:5      | Entered Level 5 of the Dungeon
  5398 | D:5      | Noticed an ice beast
  5409 | D:5      | Killed an ice beast
  5409 | D:5      | Reached XP level 7. HP: 27/59 MP: 9/9
  5583 | D:5      | Found a staircase to the Ecumenical Temple.
  6177 | D:5      | Found a blossoming altar of Fedhas.
  6584 | D:5      | Got a dazzling arbalest
  6585 | D:5      | Identified the +8 arbalest of Retiq {penet, rPois rN+
                  | Dex-5} (You found it on level 5 of the Dungeon)
  6848 | D:6      | Found a radiant altar of Vehumet.
  6967 | D:6      | Reached XP level 8. HP: 59/67 MP: 11/11
  7147 | D:6      | Found a hazy altar of Hepliaklqana.
  7148 | D:6      | Found an ornate altar of the Wu Jian Council.
  7148 | D:6      | Found a deep blue altar of Sif Muna.
  7148 | D:6      | Found a glowing silver altar of Zin.
  7149 | D:6      | Found a snail-covered altar of Cheibriados.
  7160 | D:6      | Found a burning altar of Makhleb.
  7217 | D:6      | Found an ancient bone altar of Kikubaaqudgha.
  7597 | D:7      | Gained mutation: Your magical capacity is low. (-10% MP)
                  | [potion of mutation]
  7597 | D:7      | Gained mutation: You expend magic power (3 MP) to
                  | strengthen your wands. [potion of mutation]
  7601 | D:7      | Lost mutation: Your magical capacity is low. (-10% MP)
                  | [potion of mutation]
  7601 | D:7      | Lost mutation: You expend magic power (3 MP) to strengthen
                  | your wands. [potion of mutation]
  7601 | D:7      | Gained mutation: Your flesh is heat resistant. (rF+)
                  | [potion of mutation]
  7601 | D:7      | Gained mutation: Your magical capacity is low. (-10% MP)
                  | [potion of mutation]
  7601 | D:7      | Gained mutation: Your flesh is very heat resistant. (rF++)
                  | [potion of mutation]
  7614 | D:7      | HP: 3/67 [killer bee (1)]
  7615 | D:6      | HP: 1/67 [poisoned by a killer bee]
  7616 | D:6      | Slain by a killer bee

Skill      XL: |  1  2  3  4  5  6  7  8 |
---------------+-------------------------+-----
Dodging        | 1 2 3 |  3.0
Axes           | 2 3 4 |  4.9
Armour         | 2 3 4 |  4.4
Invocations    | 3 4 |  4.6
Fighting       | 4 |  4.9
Shields        | |  0.5

Action                   |  1- 3 |  4- 6 |  7- 9 || total
-------------------------+-------+-------+-------++-------
Melee: Hand axe          |    81 |   122 |   138 ||   341
       Kick              |     7 |    26 |    24 ||    57
       Unarmed           |       |    11 |       ||    11
Invok: Depart the Abyss  |     1 |       |       ||     1
  Use: Scroll            |     8 |     5 |     5 ||    18
       Potion            |       |     2 |     5 ||     7
 Stab: Confused          |       |     2 |       ||     2
  Eat: Chunk             |     4 |     4 |     5 ||    13
       Ration            |       |     1 |       ||     1
Armor: Leather armour    |    48 |     1 |       ||    49
       Chain mail        |       |    67 |    78 ||   145
       Skin              |       |     3 |       ||     3
Dodge: Dodged            |    59 |    24 |    29 ||   112
Block: Buckler           |       |     3 |    24 ||    27
       Reflection        |       |       |     1 ||     1
